 Dungeon Crawl Stone Soup version 0.30.0-29-ga12c61a403 (webtiles) character file.

Game seed: 11198530565143992689

7 McKennaii the Conjurer (level 1, 0/14 HPs)
             Began as a Demigod Conjurer on June 11, 2023.
             Slain by a jackal (1 damage)
             ... on level 1 of the Dungeon.
             The game lasted 00:00:25 (258 turns).

McKennaii the Conjurer (Demigod Conjurer)            Turns: 258, Time: 00:00:25

Health: 0/14       AC:  2    Str:  8    XL:     1   Next: 73%
Magic:  2/5        EV: 12    Int: 20    God:
Gold:   15         SH:  0    Dex: 12    Spells: 3/4 levels left

rFire   . . .        (no weapon)
rCold   . . .        (no shield)
rNeg    . . .        a - +0 robe
rPois   .            (no helmet)
rElec   .            (no cloak)
rCorr   .            (no gloves)
SInv    +            (no boots)
Will    .....        (no amulet)
Stlth   ++           d - ring of see invisible
HPRegen 0.22/turn    (no ring)
MPRegen 0.09/turn

%: no passive effects
@: no status effects
A: high MP 1, forlorn, divine attributes
a: no special abilities


You were on level 1 of the Dungeon.
You visited 1 branch of the dungeon, and saw 1 of its levels.

You collected 15 gold pieces.

Inventory:

Armour
 a - a +0 robe (worn)
Jewellery
 d - a ring of see invisible (left hand)
Potions
 b - a potion of magic
 c - a potion of lignification {unknown}
 e - a potion of brilliance {unknown}


   Skills:
 - Level 1.7 Dodging
 - Level 1.7 Stealth
 + Level 2.1 Spellcasting
 + Level 3.8 Conjurations


You had 3 spell levels left.
You knew the following spells:

 Your Spells              Type           Power      Damage    Failure   Level
a - Magic Dart            Conj           68%        1d6       3%          1

Your spell library contained the following spells:

 Spells                   Type           Power      Damage    Failure   Level
 Searing Ray              Conj           34%        2d5       4%          2
 Dazzling Flash           Conj/Hex       18%        N/A       22%         3
 Fulminant Prism          Conj/Hex       4%         3d5       56%         4
 Iskenderun's Mystic Bla  Conj/Tloc      9%         2d4       56%         4


Dungeon Overview and Level Annotations

Branches:
Dungeon (1/15)


Innate Abilities, Weirdness & Mutations

You have an increased reservoir of magic. (+10% MP)
You shall have no god before yourself.
Your divine heritage dramatically boosts your attributes as you level up.


Message History

The jackal attacks as you move away! The jackal bites you.
The jackal closely misses you.
Things that are here:
a +0 club; a goblin corpse The jackal attacks as you move away!
The jackal bites you. x2
You hit the jackal.
The jackal is severely wounded.
The jackal bites you but does no damage.
You closely miss the jackal.
The jackal is severely wounded.
The jackal barely misses you. The jackal bites you.
You hit the jackal but do no damage.
The jackal is severely wounded.
The jackal bites you.
You closely miss the jackal.
The jackal is severely wounded.
The jackal misses you. The jackal bites you.
You hit the jackal.
The jackal is almost dead.
The jackal barely misses you.
You hit the jackal but do no damage.
The jackal is almost dead.
The jackal bites you but does no damage.
You hit the jackal but do no damage.
The jackal is almost dead.
The jackal bites you.
* * * LOW HITPOINT WARNING * * *
The jackal barely misses you.
You hit the jackal but do no damage. Your punch misses the jackal.
The jackal is severely wounded.
The jackal closely misses you.
You closely miss the jackal.
The jackal is severely wounded.
The jackal bites you.
* * * LOW HITPOINT WARNING * * *
The jackal bites you but does no damage.
You hit the jackal but do no damage.
The jackal is severely wounded.
The jackal bites you.
You die...

#.#...##.# #######.#...##.#
#.......#...##.#######
##.####......)........####
###...###†...)..............
#..)..............###.#.####
#.#...######...##"# #.#.####
##..######...##.###.#....#
##.#.Khh@......)##.###.#.
#.#.####........#.# #.##
#..K..###.........# #.#
#.###.....#####.......###.#
#............# ##...#......#
#.>###.....#.# ##.##.###)##
# #....$#.# #.##.# #.#
###..## # #.##.# #.### .=.#
#. #.# #..#.


You could see 2 jackals and a kobold.

Vanquished Creatures
  A jackal (D:1)
  2 kobolds (D:1)
  A ball python (D:1)
  2 goblins (D:1)
  A rat (D:1)
7 creatures vanquished.

Notes
Turn   | Place    | Note
-------+----------+-------------------------------------------
     0 | D:1      | McKennaii the Demigod Conjurer began the quest for the Orb.
     0 | D:1      | Reached XP level 1. HP: 14/14 MP: 5/5
   258 | D:1      | Slain by a jackal

Illustrated notes

Levels and vault maps discovered:
D:1:      dpeg_arrival_simpleton_a, layout_loops_ring

Skill      XL: |  1 |
---------------+----+-----
Spellcasting   | 2 |  2.1
Dodging        | |  1.7
Stealth        | |  1.7
Conjurations   | |  3.8

Action                     || total
---------------------------++-------
  Melee: Unarmed           ||    15
   Cast: Magic Dart        ||    15
 Armour: Robe              ||     6
  Dodge: Dodged            ||    15
